AoeStats
← ioajshfJISCA

Pilgrims

507397490Analyzed
2v2 RM · 15d ago on Sep 18, 2026· 139m 14s· 4 players
Game mode
Random Map
Map size
Medium (4 player)
Population
200
Speed
Normal
Resources
Standard
Victory
Conquest
Starting age
Dark Age
Ending age
Imperial Age
RankedLock teamsTeams togetherTeam positionsShared explorationLock speedFull tech treeHidden civsTurbo modeCheats
Victory
Defeat
🇦🇷 Malay · Argentina
643
+17
🇦🇷 Sicilians · Argentina
631
+18
🇺🇸 Koreans · United States
743
-21
🇦🇷 Bulgarians · Argentina
588
-21
Peter Parker
17:17 Feudal Age
17:52 Double-Bit Axe
17:49 Horse Collar
18:21 Man-at-Arms
20:26 Scale Barding Armor
20:34 Forging
25:20 Arson
30:44 Castle Age
31:25 Iron Casting
30:18 Long Swordsman
37:02 Stone Mining
37:03 Gold Mining
44:57 Imperial Age
45:32 Heavy Plow
45:44 Bow Saw
47:51 Blast Furnace
48:16 Conscription
54:29 Ballistics
55:09 Chemistry
55:16 Elite Battle Elephant
60:56 Two-Handed Swordsman
63:38 Husbandry
65:47 Capped Ram
67:31 Squires
75:27 Thumb Ring
76:05 Elite Skirmisher
77:14 Fletching
77:24 Padded Archer Armor
89:38 Cavalier
123:28 Wheelbarrow
126:41 Hand Cart
126:17 Town Watch
126:19 Loom
131:10 Demolition Ship
135:31 Town Patrol
Pollito
13:51 Feudal Age
28:39 Castle Age
28:30 Scale Mail Armor
28:42 Forging
50:49 Imperial Age
48:18 Stone Mining
48:14 Double-Bit Axe
54:30 Conscription
57:45 Cavalier
66:08 Caravan
69:09 Scale Barding Armor
69:03 Crossbowman
71:06 Husbandry
72:45 Wheelbarrow
72:12 Arbalester
73:15 Gold Mining
77:19 Chain Barding Armor
80:01 Ballistics
80:41 Chemistry
83:50 Bloodlines
89:47 Gold Shaft Mining
105:31 Elite Skirmisher
108:04 First Crusade
113:14 Iron Casting
112:55 Chain Mail Armor
113:15 Plate Barding Armor
116:04 Elite Serjeant
127:13 Shipwright
127:06 Siphons
128:43 Medium Warships
130:17 Demolition Ship
132:57 Heavy Warships
133:25 Heavy Warships
134:51 Spies/Treason
ioajshfJISCA
14:56 Feudal Age
15:37 Horse Collar
15:47 Double-Bit Axe
28:04 Castle Age
radii
5:34 Loom
11:53 Feudal Age
13:11 Wheelbarrow
12:30 Double-Bit Axe
12:32 Horse Collar
19:49 Fishing Lines
25:16 Castle Age
26:15 Hand Cart
26:17 Bow Saw
26:11 Heavy Plow
26:27 Fletching
27:20 Bodkin Arrow
27:34 Gillnets
28:13 Gold Mining
32:36 Gold Shaft Mining
35:53 Imperial Age
35:15 Scale Mail Armor
35:26 Forging
36:37 Eupseong
36:58 Conscription
37:42 Chemistry
37:03 Ballistics
36:25 Treadmill Crane
37:43 Stone Mining
38:10 Elite Skirmisher
39:00 Town Watch
42:18 Bracer
42:24 Town Patrol
42:48 Capped Ram
44:34 Gambesons
44:50 Squires
44:12 Pikeman
45:59 Fortified Wall
45:41 Heated Shot
48:02 Arson
50:21 Chain Mail Armor
50:41 Iron Casting
50:48 Shinkichon
52:01 Medium Warships
53:06 Stone Shaft Mining
52:25 Halberdier
56:00 Masonry
55:37 Arrowslits
63:14 Architecture
63:17 Plate Mail Armor
62:37 Elite War Wagon
66:28 Man-at-Arms
66:34 Man-at-Arms
67:27 Murder Holes
71:27 Thumb Ring
99:47 Long Swordsman
108:26 Two-Man Saw
113:37 Scale Barding Armor
Connection lost

Rejoining the realm…

Still unreachable

The connection could not be restored.

Session expired

The server has moved on; the page needs a fresh start.